 Dungeon Crawl Stone Soup version 0.30-a0-341-g682706514a (webtiles) character file.

Game seed: 1506109724995736350

96 quakins the Shooter (level 4, -6/22 HPs)
             Began as a Spriggan Hexslinger on Nov 2, 2022.
             Was an Initiate of Ashenzari.
             Killed from afar by Ijyb (19 damage)
             ... with a bolt of acid
             ... on level 3 of the Dungeon.
             The game lasted 00:03:37 (1074 turns).

quakins the Shooter (Spriggan Hexslinger)           Turns: 1074, Time: 00:03:38

Health: -6/22      AC:  2    Str:  6    XL:     4   Next: 41%
Magic:  7/7        EV: 17    Int: 14    God:    Ashenzari [......]
Gold:   78         SH:  0    Dex: 17    Spells: 5/6 levels left

rFire   . . .      SeeInvis +    h - +2 sling (flame)
rCold   . . .      Faith    .    (no shield)
rNeg    . . .      Spirit   .    c - +0 robe "Chained Together" {Self, Bglg} (curse)
rPois   .          Reflect  .    (helmet restricted)
rElec   .          Harm     .    (no cloak)
rCorr   .          Rampage  .    (gloves unavailable)
Will    .....                    (boots unavailable)
Stlth   ++........               (no amulet)
HPRegen 0.23/turn                (no ring)
MPRegen 0.10/turn                (no ring)

@: very quick
A: very small, no large weapons, unfitting armour, see invisible, speed 3
a: Renounce Religion, Shatter the Chains


You were on level 3 of the Dungeon.
You worshipped Ashenzari.
Ashenzari was noncommittal.
You visited 1 branch of the dungeon, and saw 3 of its levels.

You collected 78 gold pieces.

Inventory:

Hand Weapons
 h - a +2 sling of flaming (weapon)
Armour
 c - the cursed +0 robe "Chained Together" (worn) {Self, Bglg}

   It has a curse which improves the following skills: Introspection: Fighting
   and Spellcasting.
   Beguiling: Conjurations, Hexes and Translocations.
Scrolls
 a - a scroll of summoning {unknown}
 b - a scroll of poison
 e - 2 scrolls of identify {unknown}
 f - a scroll of fog {unknown}
 j - a scroll of enchant armour {unknown}
 l - a scroll of immolation {unknown}
Potions
 d - a potion of lignification {unknown}
 g - a potion of mutation {unknown}
 i - a potion of curing {unknown}
 k - a potion of heal wounds {unknown}


   Skills:
 - Level 0.7(1.0) Fighting
 + Level 4.7 Ranged Weapons
 - Level 2.6 Dodging
 - Level 1.3(1.6) Spellcasting
 - Level 3.6(4.0) Hexes


You had 5 spell levels left.
You knew the following spells:

 Your Spells              Type           Power      Damage    Failure   Level
a - Slow                  Hex            48%        N/A       4%          1

Your spell library contained the following spells:

 Spells                   Type           Power      Damage    Failure   Level
 Confusing Touch          Hex            12%        N/A       14%         3
 Ensorcelled Hibernation  Hex/Ice        12%        N/A       16%         2
 Inner Flame              Hex/Fire       6%         N/A       32%         3
 Portal Projectile        Hex/Tloc       12%        N/A       32%         3
 Blink                    Tloc           2%         N/A       36%         2
 Momentum Strike          Conj/Tloc      2%         3d8       36%         2
 Passwall                 Tmut/Erth      0%         N/A       36%         2
 Cause Fear               Hex            6%         N/A       43%         4
 Lesser Beckoning         Tloc           2%         N/A       58%         3
 Swiftness                Air            1%         N/A       58%         3
 Vampiric Draining        Necr           1%         2d6       58%         3


Dungeon Overview and Level Annotations

Branches:
Dungeon (3/15)

Altars:
Ashenzari

Annotations:
D:3 Ijyb


Innate Abilities, Weirdness & Mutations

You are very small and have problems with some larger weapons.
You are too small for most types of armour.
You have supernaturally acute eyesight. (SInv)
You cover ground extremely quickly. (Speed+++)


Message History

Press: ? - help, Q - select action, (/) - cycle Shift-Dir - straight line, f - orc
Aim: an orc, wielding a +0 hand axe (62% to hit)
You shoot a sling bullet. The sling bullet hits the orc.
The sling bullet burns the orc.
You kill the orc!
Fire: h) +2 sling (flame)
Press: ? - help, Q - select action, (/) - cycle Shift-Dir - straight line, f - orc
Aim: an orc, wielding a +0 short sword (62% to hit)
You shoot a sling bullet. The sling bullet hits the orc.
The sling bullet burns the orc.
The orc is severely wounded.
The teleport trap disappears.
The orc disappears!
The orc reappears nearby!
Ijyb the Twisted Goblin comes into view.
She is wielding a +0 dagger and carrying a wand of acid (7).
Fire: h) +2 sling (flame)
Press: ? - help, Q - select action, (/) - cycle Shift-Dir - straight line, f/p - orc
Aim: an orc, wielding a +0 short sword (severely wounded, 62% to hit)
You shoot a sling bullet. The sling bullet hits the orc.
The sling bullet burns the orc.
You kill the orc!
Fire: h) +2 sling (flame)
Press: ? - help, Q - select action, (/) - cycle Shift-Dir - straight line, f - orc
Aim: an orc, wielding a +0 flail (62% to hit)
You shoot a sling bullet.
The sling bullet closely misses the orc.
Fire: h) +2 sling (flame)
Press: ? - help, Q - select action, (/) - cycle Shift-Dir - straight line, f/p - orc
Aim: an orc, wielding a +0 flail (62% to hit)
You shoot a sling bullet. The sling bullet barely misses the orc.
The orc completely misses you.
Fire: h) +2 sling (flame)
Press: ? - help, Q - select action, (/) - cycle Shift-Dir - straight line, f/p - orc
Aim: an orc, wielding a +0 flail (62% to hit)
You shoot a sling bullet.
The sling bullet closely misses the orc.
The orc hits you with a +0 mace. The orc hits you with a +0 flail!
Ijyb zaps a wand.
The bolt of acid hits the orc!!
The acid corrodes the orc!
The orc dies!
The bolt of acid hits you!!
Ouch! That really hurt!
You die...

.# .# .#
#.####.
##.......
##....g...
#...).....
#.@)......
#..o..!)..
#..o$>....
#....)....
..........
.....(.....
##.........
.........$


You could see Ijyb and 2 orcs.

Vanquished Creatures
  3 adders
  A worm (D:2)
  2 dart slugs
  2 orcs (D:3)
  4 ball pythons (D:1)
  5 bats
  3 endoplasms
  A giant cockroach (D:1)
  7 goblins
  6 hobgoblins
  6 jackals
  7 kobolds
  3 frilled lizards
  2 rats
52 creatures vanquished.

Vanquished Creatures (others)
  An orc (D:3)
1 creature vanquished.

Grand Total: 53 creatures vanquished

Notes
Turn   | Place    | Note
-------+----------+-------------------------------------------
     0 | D:1      | quakins the Spriggan Hexslinger began the quest for the
                  | Orb.
     0 | D:1      | Reached XP level 1. HP: 9/9 MP: 3/3
   116 | D:1      | Reached XP level 2. HP: 14/14 MP: 5/5
   188 | D:1      | Reached skill level 3 in Ranged Weapons
   338 | D:1      | Found a faded altar of an unknown god.
   374 | D:1      | Reached XP level 3. HP: 17/17 MP: 6/6
   395 | D:1      | Prayed at the altar of an unknown god.
   395 | D:1      | Became a worshipper of Ashenzari the Shackled
   659 | D:2      | Reached skill level 4 in Ranged Weapons
   775 | D:2      | Reached XP level 4. HP: 21/21 MP: 7/7
  1070 | D:3      | Noticed Ijyb
  1074 | D:3      | Killed from afar by Ijyb

Illustrated notes

Levels and vault maps discovered:
D:1:      minmay_arrival_hallway, layout_rooms,
          shapermc_ecumenical_altar_mp_vishouse
D:2:      layout_rooms, minmay_diced_spiral
D:3:      layout_rooms, serial_bayou_crossing, uniq_ijyb

Skill      XL: |  1  2  3 |
---------------+----------+-----
Ranged Weapons | 3 4 |  4.7
Fighting       | |  0.7
Dodging        | |  2.6
Spellcasting   | |  1.3
Hexes          | |  3.6

Action                   |  1- 3 |  4- 6 || total
-------------------------+-------+-------++-------
 Fire: Sling             |    88 |    32 ||   120
 Cast: Slow              |     2 |       ||     2
Invok: Curse Item        |       |     1 ||     1
Armor: Robe              |     4 |     1 ||     5
Dodge: Dodged            |    54 |     6 ||    60

Table legend: (Time is in decaauts)
 A = Elapsed time spent in this place.
 B = Non-inter-level travel time spent in this place.
 C = Inter-level travel time spent in this place.
 D = Time resting spent in this place.
 E = Time spent auto-exploring this place.
 F = Levels seen in this place.
 G = Mean time per level.
                   A        B        C        D        E       F      G
               +--------+--------+--------+--------+--------+-----+--------+
         Total |    753 |    741 |     12 |      0 |    498 |   3 |  251.0 |
       Dungeon |    753 |    741 |     12 |      0 |    498 |   3 |  251.0 |
               +--------+--------+--------+--------+--------+-----+--------+

Top non-repeatable levels by time:
     D:1: 442 daAuts
     D:2: 304 daAuts
     D:3: 7 daAuts
